 Dungeon Crawl Stone Soup version 0.30-a0-364-gf6b3ef1049 (webtiles) character file.

Game seed: 7718746485405706415

113015 billz999 the Placeless Gnoll (level 16, -7/127 HPs)
             Began as a Gnoll Wanderer on Nov 14, 2022.
             Was the Champion of Kikubaaqudgha.
             Mangled by a goliath frog (9 damage)
             ... on level 2 of the Swamp on Nov 15, 2022.
             The game lasted 01:12:46 (31540 turns).

billz999 the Placeless Gnoll (Gnoll Wanderer)      Turns: 31540, Time: 01:12:48

Health: -7/127     AC:  5    Str: 19    XL:     16   Next: 62%
Magic:  10/31      EV: 17    Int: 18    God:    Kikubaaqudgha [******]
Gold:   1939       SH:  0    Dex: 12    Spells: 11/38 levels left

rFire   . . .      SeeInvis .    a - +9 arbalest (pain)
rCold   . . .      Faith    .    (shield currently unavailable)
rNeg    . . .      Spirit   .    c - +0 robe
rPois   +          Reflect  .    M - +1 hat {Will+}
rElec   .          Harm     .    Y - +0 cloak of New Discoveries {rPois Slay+2}
rCorr   .          Rampage  .    (no gloves)
Will    ++...                    (no boots)
Stlth   +++++.....               o - amulet of the acrobat
HPRegen 0.41/turn                i - ring of wizardry
MPRegen 0.22/turn                j - +6 ring of strength

@: invisible
A: fangs 1, strong nose, distributed training
a: Renounce Religion, Unearth Wretches, Torment


You were on level 2 of the Swamp.
You worshipped Kikubaaqudgha.
Kikubaaqudgha was exalted by your worship.
You visited 4 branches of the dungeon, and saw 24 of its levels.
You also visited: Ossuary and Bailey.

You collected 2944 gold pieces.
You spent 1005 gold pieces at shops.

Inventory:

Hand Weapons
 a - a +9 arbalest of pain (weapon)
 p - a +0 club
 E - a +0 sling of draining
Missiles
 U - 2 throwing nets
Armour
 c - a +0 robe (worn)
 m - the +4 robe of the Past {rPois Regen+ Dex-5}
   (You bought it in a shop on level 2 of the Orcish Mines)

   Dex:       It affects your dexterity (-5).
   rPois:     It protects you from poison.
   Regen:     It increases your rate of health regeneration.
 M - a +1 hat of willpower (worn)
 Y - the +0 cloak of New Discoveries (worn) {rPois Slay+2}
   (You found it on level 12 of the Dungeon)

   Slay:      It affects your accuracy & damage with ranged weapons and melee
   (+2).
   rPois:     It protects you from poison.
 Z - a scarf of resistance
Magical Staves
 t - a staff of death
Jewellery
 f - an amulet of regeneration
 h - a ring of willpower
 i - a ring of wizardry (left hand)
 j - a +6 ring of strength (right hand)
 o - an amulet of the acrobat (around neck)
 F - a ring of protection from fire
 H - a ring of see invisible
 O - a ring of willpower
Wands
 x - a wand of flame (13)
 G - a wand of iceblast (5)
 P - a wand of charming (10)
 Q - a wand of digging (14)
 S - a wand of polymorph (3)
 T - a wand of light (14)
 W - a wand of mindburst (3)
Scrolls
 d - 6 scrolls of enchant armour
 e - 10 scrolls of teleportation
 g - 3 scrolls of vulnerability
 k - 5 scrolls of amnesia
 s - 5 scrolls of immolation
 u - 8 scrolls of noise
 v - 3 scrolls of blinking
 y - 8 scrolls of fear
 B - 3 scrolls of poison
 J - 3 scrolls of butterflies
 K - 4 scrolls of identify
 L - 2 scrolls of enchant weapon
 N - 2 scrolls of magic mapping
Potions
 b - 10 potions of might
 l - 5 potions of mutation
 n - 3 potions of invisibility
 q - a potion of ambrosia
 w - 12 potions of curing
 z - 4 potions of berserk rage
 A - 5 potions of brilliance
 C - a potion of resistance {unknown}
 D - a potion of flight {unknown}
 I - 4 potions of haste
 R - 2 potions of lignification
Miscellaneous
 V - a piece from Xom's chessboard (15/15)
 X - a condenser vane


   Skills:
 + Level 12.3 Fighting
 + Level 11.4 Short Blades
 + Level 11.4 Long Blades
 + Level 11.4 Axes
 + Level 11.4 Maces & Flails
 + Level 11.4 Polearms
 + Level 11.4 Staves
 + Level 11.4 Ranged Weapons
 + Level 11.4 Throwing
 + Level 11.4 Armour
 + Level 11.7 Dodging
 + Level 11.4 Stealth
 + Level 11.4 Shields
 + Level 11.4 Unarmed Combat
 + Level 11.7 Spellcasting
 + Level 9.6 Conjurations
 + Level 9.6 Hexes
 + Level 9.6 Summonings
 + Level 9.6 Necromancy
 + Level 12.8 Translocations
 + Level 9.6 Transmutations
 + Level 9.6 Fire Magic
 + Level 9.6 Ice Magic
 + Level 9.6 Air Magic
 + Level 9.9 Earth Magic
 + Level 9.6 Poison Magic
 + Level 12.4 Invocations
 + Level 11.4 Evocations


You had 11 spell levels left.
You knew the following spells:

 Your Spells              Type           Power      Damage    Failure   Level
a - Sandblast             Erth           92%        2d19      1%          1
b - Stone Arrow           Conj/Erth      90%        3d12      1%          3
c - Borgnjor's Vile Clut  Necr/Erth      22%        N/A       1%          5
d - Summon Lightning Spi  Summ/Air       45%        N/A       1%          4
e - Dispel Undead         Necr           45%        3d17      1%          4
f - Passage of Golubria   Tloc           54%        N/A       1%          4
g - Simulacrum            Ice/Necr       22%        N/A       8%          6

Your spell library contained the following spells:

 Spells                   Type           Power      Damage    Failure   Level
 Apportation              Tloc           100%       N/A       1%          1
 Foxfire                  Conj/Fire      100%       2x1d9     1%          1
 Kiss of Death            Conj/Necr      100%       2d13      1%          1
 Necrotise                Necr           100%       1d9       1%          1
 Call Imp                 Summ           45%        N/A       1%          2
 Cigotuvi's Dreadful Rot  Necr/Pois/Air  90%        N/A       1%          2
 Passwall                 Tmut/Erth      37%        N/A       1%          2
 Confusing Touch          Hex            45%        N/A       1%          3
 Hailstorm                Conj/Ice       45%        3d10      1%          3
 Portal Projectile        Hex/Tloc       100%       N/A       1%          3
 Summon Guardian Golem    Hex/Summ       45%        N/A       1%          3
 Anguish                  Hex/Necr       22%        N/A       1%          4
 Animate Armour           Summ/Erth      90%        N/A       1%          4
 Animate Dead             Necr           45%        N/A       1%          4
 Fulminant Prism          Conj/Hex       22%        3d12      1%          4
 Ice Form                 Ice/Tmut       45%        N/A       1%          4
 Agony                    Necr           45%        N/A       1%          5
 Alistair's Intoxication  Tmut/Pois      30%        N/A       1%          5
 Lightning Bolt           Conj/Air       22%        1d38      1%          5
 Eringya's Noxious Bog    Tmut/Pois      22%        N/A       8%          6
 Orb of Destruction       Conj           22%        9d8       38%         7
 Spellforged Servitor     Conj/Summ      22%        N/A       38%         7
 Summon Hydra             Summ           22%        N/A       38%         7


Dungeon Overview and Level Annotations

Branches:
Dungeon (15/15)            Temple (0/1) D:5            Lair (5/5) D:8
  Swamp (2/4) Lair:2        Snake (0/4) Lair:3        Slime (0/5) Lair:4
    Orc (2/2) D:9             Elf (0/3) Orc:2        Depths (0/4) D:15
Ossuary (visited)          Bailey (visited)
 Vaults: D:13-14

Altars:
Ashenzari
Elyvilon
Gozag
Hepliaklqana
Kikubaaqudgha
Makhleb
Nemelex Xobeh
Qazlal
Ru
Sif Muna
Trog
Uskayaw
Vehumet
Xom
Yredelemnul
The Shining One
Jiyva

Shops:
D:15 ??   Orc:2 *?![:![

Annotations:
D:9 2 transporters, Iich's ghost, novice MiBe


Innate Abilities, Weirdness & Mutations

You have very sharp teeth.
Your uncanny sense of smell can sniff out nearby items.
Your experience applies equally to all skills.


Message History

Fire: a) +9 arbalest (pain)
Press: ? - help, Shift-Dir - straight line, f - eleionoma, p - goliath frog
Aim: an eleionoma (severely wounded, not watching you, ally target, 74% to hit)
You shoot a bolt. The bolt hits the alligator!
The alligator is heavily wounded.
The zombie hands constrict the alligator!!
The goliath frog no longer looks unusually strong.
The alligator struggles to escape constriction.
The eleionoma touches a tree and draws upon its vitality.
The eleionoma is healed.
Your lightning spire shoots out a bolt of lightning at the eleionoma!
The bolt of electricity hits the eleionoma!
The alligator escapes!
Casting: Borgnjor's Vile Clutch (mildly dangerous; 1% risk of failure)
Confirm with . or Enter, or press ? or * to list all spells.
Aiming: Borgnjor's Vile Clutch (mildly dangerous; 1% risk of failure)
Press: ? - help, Shift-Dir - straight line, f - alligator, p - eleionoma
Aim: an alligator (severely wounded, strong, covering ground quickly, 100% to hit)
Zombie hands grab the alligator.
The zombie hands constrict the alligator.
The goliath frog hits you from afar!
* * * LOW HITPOINT WARNING * * *
You are splashed with acid.
* * * LOW HITPOINT WARNING * * *
The alligator struggles to escape constriction.
Unknown command.
Unknown command.
The zombie hands constrict the alligator.
The alligator struggles to escape constriction.
The eleionoma flows through the trees.
The alligator struggles to escape constriction.
You fade into invisibility!
The zombie hands constrict the alligator.
Your lightning spire disappears in a puff of smoke!
The goliath frog completely misses you. The eleionoma hits you!
* * * LOW HITPOINT WARNING * * *
The alligator struggles to escape constriction.
The goliath frog hits you from afar!
You die...
Kikubaaqudgha rasps: "You have failed me!
Welcome... death!"

.$..♣♣♣♣♣♣..~~~~~
....~~..~.~~....~~~
♣♣^..~.).~~~..§.~~~~
~......~.~~~?~~..~~~
.~~~~..~~~~~.....).~
..~~~..~.~...~♣♣♣~...
..~~~..~~.♣t...~♣ .
~~~~......~F§~..♣
~~§~...~.@.~~~~.♣
~§~~..♣♣R~.~~~~.♣
~~....♣~~~~.~~~.♣
........~~~....♣♣
...~§.♣..^.♣♣♣♣♣♣♣♣
....~~..♣♣♣♣ ♣.~~~♣
~♣~...~.♣♣ ♣♣♣~~~~♣
♣♣♣.~~..~♣♣♣~~...♣♣
.~~~~~~..♣♣...~~.♣


You could see an eleionoma (unable to see you), an alligator (strong, swift,
unable to see you, clutched) and a goliath frog (unable to see you).

Vanquished Creatures
  Jorgrun (D:12)
  Frances (D:12)
  Gastronok (Lair:1)
  Agnes (D:15)
  A fenstrider witch (Swamp:1)
  An orc warlord (Bailey)
  A stone giant (D:15)
  The ghost of Pooter the Severer, a journeyman MiBe of Trog (D:11)
  Nessos (D:12)
  2 entropy weavers (shapeshifter)
  Josephine (D:14)
  4 hydras
  3 boulder beetles
  2 catoblepae (D:13)
  2 centaur warriors
  4 death yaks (Lair:4)
  7 two-headed ogres
  A satyr (D:13)
  2 alligators (Swamp:1)
  4 tengu warriors
  Amaemon (Lair:2)
  Sonja (Lair:4)
  5 goliath frogs
  A swamp dragon (Swamp:2)
  A spriggan druid (Swamp:2)
  2 bog bodies (Swamp:1)
  2 orc knights
  16 ugly things
  7 cyclopes
  A deep elf pyromancer (D:13)
  A manticore (D:13)
  6 orc sorcerers
  2 oklob plants (Lair:5)
  A black mamba (Lair:5)
  7 elephants
  14 cane toads
  An orange demon (Lair:2)
  An unseen horror (D:13)
  3 kobold demonologists (D:9)
  Maggie (D:7)
  5 komodo dragons
  2 rime drakes
  A tengu conjurer (D:14)
  A bloated husk (Swamp:2)
  3 tyrant leeches
  2 polar bears (Lair:4)
  8 trolls
  3 slime creatures
  19 blink frogs
  2 hornets
  10 dream sheep
  5 wraiths
  2 shadows
  A vampire (D:11)
  3 wyverns
  16 yaks
  2 spriggans (Swamp:1)
  13 vampire mosquitoes
  2 steam dragons
  8 wargs
  8 water moccasins
  An acid dragon (D:10)
  6 swamp worms
  A swamp drake (Swamp:1)
  3 black bears
  A hornet zombie (Ossuary)
  An ice beast (D:6)
  2 sky beasts
  17 orc warriors
  An ogre (Orc:1)
  7 centaurs
  5 wolves
  A phantom (D:5)
  A lemure (D:7)
  2 kobold brigands (D:9)
  16 bullfrogs
  6 scorpions
  A necrophage (D:6)
  3 water moccasin zombies (Ossuary)
  5 wights
  2 killer bees (D:10)
  5 howler monkeys
  An electric eel (Lair:5)
  9 orc priests
  2 bullfrog zombies (Ossuary)
  2 jellies
  A centaur zombie (Ossuary)
  4 hounds
  A gnoll bouda (D:5)
  3 iguanas
  12 hell rats
  45 orc wizards
  2 killer bee zombies (Ossuary)
  6 mummies (Ossuary)
  A howler monkey zombie (Ossuary)
  10 gnolls
  10 river rats (Lair:1)
  5 adders
  A shadow imp (D:6)
  An ufetubus (D:6)
  2 worms
  5 dart slugs
  62 orcs
  5 bats
  6 endoplasms
  2 giant cockroaches (D:1)
  9 goblins
  7 hobgoblins
  5 quokkas
  5 ball pythons
  2 frilled lizards
  14 kobolds
  15 rats
573 creatures vanquished.

Vanquished Creatures (collateral kills)
  An eleionoma (Swamp:1)
  An ogre mage (D:15)
  2 centaur warriors
  A boulder beetle (D:12)
  2 two-headed ogres (D:12)
  A tengu warrior (D:13)
  A death yak (Lair:4)
  A bog body (Lair:2)
  Pikel (D:7)
  An orc knight (D:15)
  3 ugly things
  3 black mambas
  Maurice (D:8)
  4 elephants
  A manticore (D:13)
  A rime drake (Lair:3)
  4 cane toads
  A troll (D:11)
  A tyrant leech (Lair:5)
  A hornet (D:9)
  10 blink frogs
  7 slime creatures
  4 dream sheep
  2 wraiths
  A wyvern (D:8)
  A shadow (D:11)
  4 yaks
  4 vampire mosquitoes
  3 wargs
  4 water moccasins
  A black bear (D:8)
  5 orc warriors
  An ogre (D:15)
  3 wolves
  A centaur (D:8)
  2 kobold brigands
  2 bullfrogs
  A nameless horror (Ossuary)
  A water moccasin zombie (Ossuary)
  A wyvern zombie (Ossuary)
  9 wights
  A killer bee (D:10)
  2 howler monkeys
  2 centaur zombies (Ossuary)
  6 bullfrog zombies (Ossuary)
  An orc priest (D:8)
  3 orc wizards
  3 hell rats (Lair:4)
  2 killer bee zombies (Ossuary)
  3 mummies (Ossuary)
  A howler monkey zombie (Ossuary)
  9 gnolls
  A white imp (D:7)
  23 orcs
  9 goblins
  3 hobgoblins (Bailey)
  3 kobolds (D:8)
171 creatures vanquished.

Vanquished Creatures (others)
  A hornet (Swamp:1)
  A human (D:14)
  An orc wizard (Orc:2)
  4 bushes (Lair:5)
  91 fungi
  149 plants
  4 toadstools (D:6)
  8 withered plants (Ossuary)
259 creatures vanquished.

Grand Total: 1003 creatures vanquished

Notes
Turn   | Place    | Note
-------+----------+-------------------------------------------
     0 | D:1      | billz999 the Gnoll Wanderer began the quest for the Orb.
     0 | D:1      | billz999 set off with the following items: a +0 club, a
                  | scroll of fear, a +0 robe, a potion of lignification; and
                  | the following spells available to memorise: Apportation,
                  | Passage of Golubria, Sandblast, Portal Projectile, Stone
                  | Arrow.
     0 | D:1      | Reached XP level 1. HP: 20/20 MP: 4/4
     2 | D:1      | Learned a level 1 spell: Sandblast
   330 | D:1      | Reached XP level 2. HP: 22/26 MP: 1/5
  1046 | D:2      | Reached XP level 3. HP: 31/31 MP: 2/7
  1266 | D:2      | Found a faded altar of an unknown god.
  1361 | D:2      | Reached skill level 1 in Invocations
  1430 | D:2      | Reached skill level 1 in Short Blades
  1430 | D:2      | Reached skill level 1 in Long Blades
  1430 | D:2      | Reached skill level 1 in Axes
  1430 | D:2      | Reached skill level 1 in Maces & Flails
  1430 | D:2      | Reached skill level 1 in Polearms
  1430 | D:2      | Reached skill level 1 in Staves
  1430 | D:2      | Reached skill level 1 in Ranged Weapons
  1430 | D:2      | Reached skill level 1 in Throwing
  1430 | D:2      | Reached skill level 1 in Armour
  1430 | D:2      | Reached skill level 1 in Stealth
  1430 | D:2      | Reached skill level 1 in Shields
  1430 | D:2      | Reached skill level 1 in Unarmed Combat
  1430 | D:2      | Reached skill level 1 in Evocations
  2130 | D:3      | Reached XP level 4. HP: 30/38 MP: 5/8
  2596 | D:3      | Found a shimmering blue altar of Sif Muna.
  2603 | D:3      | Reached skill level 1 in Conjurations
  2603 | D:3      | Reached skill level 1 in Hexes
  2603 | D:3      | Reached skill level 1 in Summonings
  2603 | D:3      | Reached skill level 1 in Necromancy
  2603 | D:3      | Reached skill level 1 in Transmutations
  2603 | D:3      | Reached skill level 1 in Fire Magic
  2603 | D:3      | Reached skill level 1 in Ice Magic
  2603 | D:3      | Reached skill level 1 in Air Magic
  2603 | D:3      | Reached skill level 1 in Poison Magic
  2607 | D:3      | Learned a level 3 spell: Stone Arrow
  2654 | D:3      | Found an ancient bone altar of Kikubaaqudgha.
  2660 | D:3      | Reached XP level 5. HP: 43/43 MP: 4/9
  2663 | D:3      | Became a worshipper of Kikubaaqudgha
  2704 | D:3      | Found a radiant altar of Vehumet.
  2714 | D:3      | Reached skill level 5 in Dodging
  2714 | D:3      | Reached skill level 5 in Spellcasting
  2714 | D:3      | Reached skill level 5 in Invocations
  2714 | D:3      | Reached XP level 6. HP: 4/53 MP: 9/14
  3072 | D:3      | Got Vehumet's Vellum of Battle Magic
  3235 | D:4      | Found a broken altar of Ashenzari.
  3460 | D:4      | Reached XP level 7. HP: 50/59 MP: 15/15
  3799 | D:5      | Entered Level 5 of the Dungeon
  3984 | D:5      | Reached * piety under Kikubaaqudgha
  3984 | D:5      | Received a gift from Kikubaaqudgha
  4277 | D:5      | Found a staircase to the Ecumenical Temple.
  4285 | D:5      | Identified the +5 chain mail "Okhi" {Rampage Str+4}
  4290 | D:5      | Reached skill level 5 in Short Blades
  4290 | D:5      | Reached skill level 5 in Long Blades
  4290 | D:5      | Reached skill level 5 in Axes
  4290 | D:5      | Reached skill level 5 in Maces & Flails
  4290 | D:5      | Reached skill level 5 in Polearms
  4290 | D:5      | Reached skill level 5 in Staves
  4290 | D:5      | Reached skill level 5 in Ranged Weapons
  4290 | D:5      | Reached skill level 5 in Throwing
  4290 | D:5      | Reached skill level 5 in Armour
  4290 | D:5      | Reached skill level 5 in Stealth
  4290 | D:5      | Reached skill level 5 in Shields
  4290 | D:5      | Reached skill level 5 in Unarmed Combat
  4290 | D:5      | Reached skill level 5 in Evocations
  4492 | D:5      | Found an opulent altar of Gozag.
  4493 | D:5      | Found a sparkling altar of Nemelex Xobeh.
  4688 | D:6      | Reached XP level 8. HP: 64/65 MP: 11/16
  5461 | D:6      | Found a hazy altar of Hepliaklqana.
  5730 | D:6      | Learned a level 5 spell: Borgnjor's Vile Clutch
  6045 | D:7      | Identified a scroll of acquirement
  6048 | D:7      | Acquired Juokob's Quarto of Called Combat Magic
  6055 | D:7      | Learned a level 4 spell: Summon Lightning Spire
  6085 | D:7      | Noticed Maggie
  6098 | D:7      | Killed Maggie
  6099 | D:7      | Reached skill level 5 in Earth Magic
  6099 | D:7      | Reached XP level 9. HP: 35/72 MP: 1/18
  6538 | D:7      | Found a sand-covered staircase.
  6544 | Ossuary  | Entered an ossuary
  6572 | Ossuary  | Reached ** piety under Kikubaaqudgha
  6877 | Ossuary  | Reached skill level 10 in Translocations
  7673 | D:7      | Noticed Pikel
  7678 | D:7      | Killed Pikel
  7679 | D:7      | Reached XP level 10. HP: 79/79 MP: 10/19
  7949 | D:7      | Reached *** piety under Kikubaaqudgha
  7949 | D:7      | Received a gift from Kikubaaqudgha
  8119 | D:7      | Reached skill level 5 in Conjurations
  8119 | D:7      | Reached skill level 5 in Hexes
  8119 | D:7      | Reached skill level 5 in Summonings
  8119 | D:7      | Reached skill level 5 in Necromancy
  8119 | D:7      | Reached skill level 5 in Transmutations
  8119 | D:7      | Reached skill level 5 in Fire Magic
  8119 | D:7      | Reached skill level 5 in Ice Magic
  8119 | D:7      | Reached skill level 5 in Air Magic
  8119 | D:7      | Reached skill level 5 in Poison Magic
  8325 | D:8      | Learned a level 4 spell: Dispel Undead
  8365 | D:8      | Learned a level 4 spell: Passage of Golubria
  9069 | D:8      | Found a white marble altar of Elyvilon.
  9101 | D:8      | Noticed Maurice
  9111 | D:8      | Killed Maurice
  9599 | D:8      | Found a staircase to the Lair.
  9697 | D:8      | Reached XP level 11. HP: 66/82 MP: 12/21
  9784 | D:8      | Reached **** piety under Kikubaaqudgha
 10302 | D:9      | Found a transporter.
 10305 | D:9      | Noticed Iich's ghost (novice MiBe)
 10350 | D:9      | Noticed an entropy weaver
 10360 | D:9      | Killed an entropy weaver
 10475 | D:9      | Noticed a two-headed ogre
 10480 | D:9      | Killed a two-headed ogre
 10485 | D:9      | Found a flagged portal.
 10495 | Bailey   | Entered a bailey
 10903 | Bailey   | Noticed an orc warlord
 10915 | Bailey   | Killed an orc warlord
 11015 | Bailey   | Reached XP level 12. HP: 95/95 MP: 22/24
 11144 | D:9      | Found a transporter.
 11145 | D:9      | Noticed a two-headed ogre
 11148 | D:9      | Noticed a two-headed ogre
 11173 | D:9      | Reached ***** piety under Kikubaaqudgha
 11213 | D:9      | Noticed a two-headed ogre
 11220 | D:9      | Killed a two-headed ogre
 11468 | D:9      | Found a staircase to the Orcish Mines.
 11680 | D:9      | Found a sacrificial altar of Ru.
 11683 | D:9      | Found a burning altar of Makhleb.
 11690 | D:9      | Found a shimmering altar of Xom.
 11691 | D:9      | Found a basalt altar of Yredelemnul.
 11691 | D:9      | Found a hide-covered altar of Uskayaw.
 11693 | D:9      | Found a glowing golden altar of the Shining One.
 11694 | D:9      | Found a stormy altar of Qazlal.
 11695 | D:9      | Found a bloodstained altar of Trog.
 11841 | Lair:1   | Entered Level 1 of the Lair of Beasts
 11963 | Lair:1   | Noticed Gastronok
 11972 | Lair:1   | Killed Gastronok
 11973 | Lair:1   | Reached XP level 13. HP: 85/101 MP: 1/25
 12568 | Lair:1   | Found a stormy altar of Qazlal.
 12876 | Lair:2   | Noticed Amaemon
 12885 | Lair:2   | Killed Amaemon
 13060 | Lair:2   | Learned a level 6 spell: Simulacrum
 13785 | Lair:2   | Found a staircase to the Swamp.
 14482 | Lair:3   | Found a staircase to the Snake Pit.
 14959 | Lair:3   | Reached skill level 10 in Fighting
 15185 | Lair:3   | Found an ancient bone altar of Kikubaaqudgha.
 15627 | Lair:4   | Reached ****** piety under Kikubaaqudgha
 16049 | Lair:4   | Found a viscous altar of Jiyva.
 16049 | Lair:4   | Found a staircase to the Slime Pits.
 16073 | Lair:4   | Noticed Sonja
 16083 | Lair:4   | Killed Sonja
 16084 | Lair:4   | Reached skill level 10 in Invocations
 16084 | Lair:4   | Reached XP level 14. HP: 105/110 MP: 14/27
 16668 | Lair:5   | Entered Level 5 of the Lair of Beasts
 17013 | Lair:5   | Reached skill level 10 in Spellcasting
 17303 | Lair:5   | Reached skill level 10 in Dodging
 18380 | Lair:5   | Identified the +1 robe of the Stars {Rampage Will+}
 18900 | Lair:5   | Identified the +5 war axe of Diet Blood {drain, rElec}
 19072 | D:10     | Entered Level 10 of the Dungeon
 20154 | D:11     | Reached skill level 10 in Short Blades
 20154 | D:11     | Reached skill level 10 in Long Blades
 20154 | D:11     | Reached skill level 10 in Axes
 20154 | D:11     | Reached skill level 10 in Maces & Flails
 20154 | D:11     | Reached skill level 10 in Polearms
 20154 | D:11     | Reached skill level 10 in Staves
 20154 | D:11     | Reached skill level 10 in Ranged Weapons
 20154 | D:11     | Reached skill level 10 in Throwing
 20154 | D:11     | Reached skill level 10 in Armour
 20154 | D:11     | Reached skill level 10 in Stealth
 20154 | D:11     | Reached skill level 10 in Shields
 20154 | D:11     | Reached skill level 10 in Unarmed Combat
 20154 | D:11     | Reached skill level 10 in Evocations
 20282 | D:11     | Found a bloodstained altar of Trog.
 20483 | D:11     | Found a runed translucent gate.
 20483 | D:11     | Found a runed translucent gate.
 20485 | D:11     | Noticed Pooter's ghost (journeyman MiBe)
 20486 | D:11     | Found a runed translucent gate.
 21062 | D:11     | Killed Pooter's ghost
 21063 | D:11     | Reached XP level 15. HP: 80/118 MP: 6/29
 21330 | D:12     | Noticed Jorgrun
 21335 | D:12     | Killed Jorgrun
 21502 | D:12     | Noticed Frances
 21510 | D:12     | Killed Frances
 21722 | D:12     | Noticed Nessos
 21729 | D:12     | Killed Nessos
 22047 | D:12     | Identified the +0 cloak of New Discoveries {rPois Slay+2}
 22427 | Orc:1    | Entered Level 1 of the Orcish Mines
 22965 | Orc:2    | Entered Level 2 of the Orcish Mines
 22992 | Orc:2    | Found Semy's Antique Armour Boutique.
 23358 | Orc:2    | Identified a +9 arbalest of pain (a +7 arbalest of freezing
                  | bloodied by Kikubaaqudgha)
 23358 | Orc:2    | Received a gift from Kikubaaqudgha
 23526 | Orc:2    | Found Xohadam's Distillery.
 23526 | Orc:2    | Found Seotrot's Book Boutique.
 23605 | Orc:2    | Bought a potion of heal wounds for 75 gold pieces
 23605 | Orc:2    | Bought a potion of curing for 45 gold pieces
 23605 | Orc:2    | Bought a potion of curing for 45 gold pieces
 23605 | Orc:2    | Bought a potion of curing for 45 gold pieces
 23605 | Orc:2    | Bought a potion of haste for 150 gold pieces
 23793 | Orc:2    | Found Jimiczuse's Distillery.
 23793 | Orc:2    | Found Foczaqew's Magic Scroll Boutique.
 23874 | Orc:2    | Bought a potion of heal wounds for 75 gold pieces
 23874 | Orc:2    | Bought a potion of haste for 150 gold pieces
 23874 | Orc:2    | Bought a potion of curing for 45 gold pieces
 23874 | Orc:2    | Bought a potion of might for 60 gold pieces
 23925 | Orc:2    | Found Pucvo's Armour Emporium.
 24087 | Orc:2    | Found Jeyxic's Assorted Antiques.
 24134 | Orc:2    | Bought a silken robe for 159 gold pieces
 24134 | Orc:2    | Identified the +4 robe of the Past {rPois Regen+ Dex-5}
                  | (You bought it in a shop on level 2 of the Orcish Mines)
 24234 | Orc:2    | Found a staircase to the Elven Halls.
 26736 | D:14     | Noticed Josephine
 26740 | D:14     | Killed Josephine
 27249 | D:14     | You fall into a shaft and drop 1 floor!
 27249 | D:15     | Entered Level 15 of the Dungeon
 27673 | D:15     | Found Pouk's Magic Scroll Shop.
 27680 | D:15     | Bought a scroll of blinking for 105 gold pieces
 27925 | D:15     | Reached XP level 16. HP: 109/127 MP: 17/31
 28350 | D:15     | Found Otunt's Magic Scroll Emporium.
 28368 | D:15     | Bought a scroll of teleportation for 51 gold pieces
 28527 | D:15     | Found a staircase to the Depths.
 29182 | D:15     | Noticed Agnes
 29188 | D:15     | Killed Agnes
 29962 | Swamp:1  | Entered Level 1 of the Swamp
 30013 | Swamp:1  | Noticed a fenstrider witch
 30016 | Swamp:1  | Paralysed by a fenstrider witch for 4 turns
 30023 | Swamp:1  | Killed a fenstrider witch
 31540 | Swamp:2  | HP: 2/127 [eleionoma (12)]
 31540 | Swamp:2  | Mangled by a goliath frog

Illustrated notes

Levels and vault maps discovered:
D:1:      dpeg_arrival_tiny_k, layout_basic
D:2:      layout_basic, basic_ecumenical_altar
D:3:      layout_loops_ring, palyth_temple_overflow_mages, minmay_unequal
D:4:      layout_cave_pools, mainiacjoe_overflow_catwalk, grunt_ministairs_11,
          kennysheep_nondescript
D:5:      layout_rooms, grunt_temple_overflow_opulence,
          minmay_temple_entry_arrows
D:6:      layout_basic, mainiacjoe_overflow_alcove_2, serial_aquarium,
          aquarium_bridge_square [aquarium_subvault_wall,
          aquarium_subvault_window, aquarium_subvault_bridge,
          aquarium_subvault_window], aquarium_window_corridor_3,
          aquarium_window_fake, aquarium_view_2c, aquarium_pool_2,
          minmay_gold_behind_fungi, grunt_ministairs_7,
          kennysheep_decorative_pillar
D:7:      layout_rooms, nicolae_ossuary_entry_plus, uniq_maggie, uniq_pikel
D:8:      layout_gridville, elyvilon_altar_5, due_lair_maze_entry_diamond,
          uniq_maurice
D:9:      layout_basic, minitemple, david_orc_3, enter_bailey_5,
          nzn_ghost_randoct
D:10:     layout_stronghold
D:11:     layout_roguey, gammafunk_ghost_split, bloody_trog
D:12:     layout_rooms, uniq_nessos, uniq_jorgrun, uniq_frances
D:13:     nzn_motion_control, layout_long_grid, hellmonk_guarded_unrand_night
D:14:     layout_rooms, ximxim_vaults_locker_room, kennysheep_another_room,
          slow_altar_1, uniq_josephine
D:15:     grunt_enter_depths_snipers, layout_grid_maze, serial_shops,
          shop_scrolls, shop_scrolls, grunt_decor_resistance,
          portal_ice_cave_entry_ugly_swarm,
          nicolae_concentric_dashed_squares_wild, uniq_agnes
Lair:1:   lemuel_ratsnest, layout_cave_shapes, basic_altar,
          beast_lair_carwin_11, uniq_gastronok
Lair:2:   layout_long_grid, skrybe_swamp_entry_bodies, uniq_amaemon
Lair:3:   layout_long_grid, dummy_snake_entry, basic_altar
Lair:4:   layout_roguey, slime_entry_1, uniq_sonja
Lair:5:   minmay_lair_end_frog_pond, layout_loops_ring, dpeg_oklob_1,
          infiniplex_staircase_pool
Swamp:1:  layout_basic_swamp, nicolae_swamp_well_well_well
Swamp:2:  layout_basic_swamp, wheals_swamp_sinkhole
Orc:1:    layout_caves
Orc:2:    st_orc_town, layout_caves, serial_shops, shop,
          nicolae_shop_statue_plus, shop, mines2_lemuel

Skill      XL: |  1  2  3  4  5  6  7  8  9 10 11 12 13 14 15 16 |
---------------+-------------------------------------------------+-----
Earth Magic    | 2 4 5 6 7 8 9 |  9.9
Invocations    | 1 5 6 7 8 10 11 12 | 12.4
Short Blades   | 1 4 5 6 7 8 9 10 11 | 11.4
Long Blades    | 1 4 5 6 7 8 9 10 11 | 11.4
Axes           | 1 4 5 6 7 8 9 10 11 | 11.4
Maces & Flails | 1 4 5 6 7 8 9 10 11 | 11.4
Polearms       | 1 4 5 6 7 8 9 10 11 | 11.4
Staves         | 1 4 5 6 7 8 9 10 11 | 11.4
Ranged Weapons | 1 4 5 6 7 8 9 10 11 | 11.4
Throwing       | 1 4 5 6 7 8 9 10 11 | 11.4
Armour         | 1 4 5 6 7 8 9 10 11 | 11.4
Stealth        | 1 4 5 6 7 8 9 10 11 | 11.4
Shields        | 1 4 5 6 7 8 9 10 11 | 11.4
Unarmed Combat | 1 4 5 6 7 8 9 10 11 | 11.4
Evocations     | 1 4 5 6 7 8 9 10 11 | 11.4
Spellcasting   | 3 5 6 7 8 9 10 11 | 11.7
Conjurations   | 1 3 4 5 6 7 8 9 |  9.6
Hexes          | 1 3 4 5 6 7 8 9 |  9.6
Summonings     | 1 3 4 5 6 7 8 9 |  9.6
Necromancy     | 1 3 4 5 6 7 8 9 |  9.6
Transmutations | 1 3 4 5 6 7 8 9 |  9.6
Fire Magic     | 1 3 4 5 6 7 8 9 |  9.6
Ice Magic      | 1 3 4 5 6 7 8 9 |  9.6
Air Magic      | 1 3 4 5 6 7 8 9 |  9.6
Poison Magic   | 1 3 4 5 6 7 8 9 |  9.6
Dodging        | 5 6 7 8 9 10 11 | 11.7
Fighting       | 6 7 8 9 10 11 12 | 12.3
Translocations | 9 10 11 12 | 12.8

Action                   |  1- 3 |  4- 6 |  7- 9 | 10-12 | 13-15 | 16-18 || total
-------------------------+-------+-------+-------+-------+-------+-------++-------
Melee: Club              |     4 |    18 |       |       |       |       ||    22
       Staff             |       |       |    56 |       |       |       ||    56
       Bite              |       |       |    11 |       |       |       ||    11
       Punch             |       |       |     2 |       |       |       ||     2
 Fire: Sling             |       |    22 |   191 |    60 |       |       ||   273
       Arbalest          |       |       |       |   199 |   719 |   131 ||  1049
 Cast: Sandblast         |    58 |    49 |    37 |     3 |     4 |       ||   151
       Stone Arrow       |       |       |    38 |     1 |    15 |     1 ||    55
       Summon Lightning  |       |       |    22 |    33 |   105 |    16 ||   176
       Borgnjor's Vile C |       |       |     5 |    43 |   153 |    59 ||   260
       Dispel Undead     |       |       |       |       |    13 |       ||    13
       Simulacrum        |       |       |       |       |     2 |       ||     2
       Passage of Golubr |       |       |       |       |     1 |       ||     1
Invok: Brand Weapon With |       |       |       |       |     1 |       ||     1
Evoke: Wand              |       |       |     1 |     3 |     4 |     3 ||    11
  Use: Potion            |       |     5 |     2 |     1 |     2 |     5 ||    15
       Scroll            |       |     2 |    10 |    14 |    10 |       ||    36
 Stab: Distracted        |       |       |     1 |       |       |       ||     1
Armor: Robe              |     4 |    19 |    30 |    27 |    51 |     5 ||   136
       Skin              |       |    50 |       |       |       |       ||    50
Dodge: Dodged            |    28 |    32 |   166 |   107 |   282 |    40 ||   655

Table legend: (Time is in decaauts)
 A = Elapsed time spent in this place.
 B = Non-inter-level travel time spent in this place.
 C = Inter-level travel time spent in this place.
 D = Time resting spent in this place.
 E = Time spent auto-exploring this place.
 F = Levels seen in this place.
 G = Mean time per level.
                   A        B        C        D        E       F      G
               +--------+--------+--------+--------+--------+-----+--------+
         Total |  32275 |  30689 |   1586 |   4569 |  21899 |  26 | 1241.3 |
       Dungeon |  19211 |  18100 |   1111 |   2576 |  13270 |  15 | 1280.7 |
          Lair |   7449 |   7129 |    320 |    930 |   5194 |   5 | 1489.8 |
         Swamp |   1660 |   1626 |     34 |    546 |    900 |   2 |  830.0 |
  Orcish Mines |   2277 |   2158 |    119 |    324 |   1460 |   2 | 1138.5 |
       Ossuary |   1067 |   1067 |      0 |    110 |    679 |   1 | 1067.0 |
        Bailey |    608 |    608 |      0 |     83 |    394 |   1 |  608.0 |
               +--------+--------+--------+--------+--------+-----+--------+

Top non-repeatable levels by time:
  Lair:5: 2350 daAuts
    D:15: 2345 daAuts
    D:13: 2205 daAuts
     D:8: 2011 daAuts
  Lair:2: 1556 daAuts
   Orc:2: 1522 daAuts
     D:6: 1452 daAuts
 Swamp:1: 1397 daAuts
     D:3: 1371 daAuts
  Lair:4: 1274 daAuts
     D:7: 1237 daAuts
    D:11: 1220 daAuts
    D:10: 1209 daAuts
  Lair:1: 1161 daAuts
     D:9: 1147 daAuts
